 Dungeon Crawl Stone Soup version 0.21.0-3-g78d12a8bdd (webtiles) character file.

113067 Peloso the Peltast (level 16, -9/134 HPs)
             Began as a Minotaur Fighter on Jan 12, 2018.
             Was the Champion of Okawaru.
             Mangled by a tarantella (12 damage)
             ... on level 1 of the Spider Nest.
             The game lasted 01:41:27 (27387 turns).

Peloso the Peltast (Minotaur Fighter)              Turns: 27387, Time: 01:41:28

Health: -9/134     AC: 41    Str: 25    XL:     16   Next: 13%
Magic:  16/16      EV: 11    Int:  4    God:    Okawaru [******]
Gold:   1329       SH: 16    Dex: 21    Spells: 15/15 levels left

rFire    + . .     SeeInvis +   T - +9 scimitar "Wesseido" {freeze, rPois rN+ Int-4 Dex+4}
rCold    + . .     Gourm    .   c - +0 shield
rNeg     + . .     Faith    +   P - +10 plate armour "Obbialoe" {SInv}
rPois    +         Spirit   .   y - +2 hat {MR+}
rElec    .         Reflect  .   N - scarf {rC+ rF+}
rCorr    +         Harm     .   r - +0 pair of gloves of Impermeability {rCorr}
MR       +++..                  g - +1 pair of boots
Stlth    ..........             l - amulet of faith
HPRegen  0.32/turn              q - ring of Ima Ifiu {MR+ Int+3 Dex+4 Stlth-}
MPRegen  0.15/turn              G - ring of Robustness {AC+8}

@: lethally poisoned (-9 -> -16), about to teleport, slowed, very slow
A: retaliatory headbutt, horns 2, frail 1, poison resistance, no potion heal 1,
subdued magic 1
a: Heroism, Finesse, Renounce Religion


You were on level 1 of the Spider Nest.
You worshipped Okawaru.
Okawaru was exalted by your worship.
You were not hungry.

You visited 5 branches of the dungeon, and saw 24 of its levels.
You visited 2 bazaars.
You also visited: Labyrinth, Bailey and Ice Cave.

You collected 2350 gold pieces.
You spent 1021 gold pieces at shops.

Inventory:

Hand Weapons
 L - the +10 zealot's sword {holy, *Rage rN+ EV+3}
   (Okawaru gifted it to you on level 1 of the Lair of Beasts)

   It has been blessed by the Shining One to cause great damage to the undead
   and demons.
   It affects your evasion (+3).
   It protects you from negative energy.
   It may make you go berserk in combat.
 T - the +9 scimitar "Wesseido" (weapon) {freeze, rPois rN+ Int-4 Dex+4}
   (You bought it in a shop in a bazaar)

   It has been specially enchanted to freeze those struck by it, causing extra
   injury to most foes and up to half again as much damage against particularly
   susceptible opponents.
   It can also slow down cold-blooded creatures.
   It affects your intelligence (-4).
   It affects your dexterity (+4).
   It protects you from poison.
   It protects you from negative energy.
 V - the +8 demon blade "Tyomeb" {pain, +Inv rElec rC- Str+3}
   (You found it in an ice cave)

   In the hands of one skilled in necromantic magic, it inflicts extra damage on
   living creatures.
   It affects your strength (+3).
   It makes you vulnerable to cold.
   It insulates you from electricity.
   It lets you turn invisible.
 X - a +2 scimitar of flaming
Armour
 c - a +0 shield (worn)
 g - a +1 pair of boots (worn)
 r - the +0 pair of gloves of Impermeability (worn) {rCorr}
   (You found it on level 11 of the Dungeon)

   It protects you from acid and corrosion.
 y - a +2 hat of magic resistance (worn)
 N - a scarf of resistance (worn)
 P - the +10 plate armour "Obbialoe" (worn) {SInv}
   (You found it in a labyrinth)

   It lets you see invisible.
Jewellery
 l - an amulet of faith (around neck)
 q - the ring of Ima Ifiu (left hand) {MR+ Int+3 Dex+4 Stlth-}
   (You found it on level 12 of the Dungeon)

   [ring of loudness]

   It affects your intelligence (+3).
   It affects your dexterity (+4).
   It affects your resistance to hostile enchantments.
   It makes you less stealthy.
 t - the amulet "Ucaewn" {Gourm rPois Slay+3 SInv}
   (You found it in a labyrinth)

   [amulet of the gourmand]

   It allows you to eat raw meat even when not hungry.
   It affects your accuracy and damage with ranged weapons and melee attacks
   (+3).
   It protects you from poison.
   It lets you see invisible.
 G - the ring of Robustness (right hand) {AC+8}
   (You found it on level 12 of the Dungeon)

   [ring of protection]

   It affects your AC (+8).
Wands
 R - a wand of digging (9)
Scrolls
 h - 13 scrolls of remove curse
 j - a scroll of blinking
 m - 4 scrolls of teleportation
 F - 4 scrolls of identify
 S - a scroll of magic mapping
Potions
 k - 2 potions of agility
 n - a potion of heal wounds
 A - 2 potions of might
 C - 2 potions of resistance
 J - 2 potions of berserk rage
 K - 3 potions of flight
 M - 3 potions of curing
Comestibles
 a - a chunk of flesh
 f - 39 rations


   Skills:
 + Level 15.4 Fighting
 + Level 17.5 Long Blades
   Level 2.6 Maces & Flails
 + Level 15.6 Armour
 + Level 4.9 Dodging
 + Level 2.1 Stealth
 + Level 18.0 Shields
 + Level 1.3 Invocations
 + Level 0.6 Evocations


You had 15 spell levels left.
You didn't know any spells.

Dungeon Overview and Level Annotations

Branches:
Dungeon (15/15)            Temple (1/1) D:7            Lair (5/6) D:10
  Swamp (0/4) Lair:3       Spider (1/4) Lair:2          Orc (2/2) D:10
    Elf (0/3) Orc:2        Vaults (0/5) D:14         Depths (0/5) D:15
  Slime: Lair:5-6

Altars:
Ashenzari
Cheibriados
Dithmenos
Elyvilon
Fedhas
Gozag
Hepliaklqana
Kikubaaqudgha
Makhleb
Nemelex Xobeh
Okawaru
Qazlal
Ru
Sif Muna
Trog
Uskayaw
Vehumet
Wu Jian
Xom
Yredelemnul
Zin
The Shining One
Lugonu

Shops:
D:9 :   Orc:2 %((=

Annotations:
Lair:2 exclusion: oklob plant


Innate Abilities, Weirdness & Mutations

You reflexively headbutt those who attack you in melee.
You have a pair of horns on your head.
You are frail. (-10% HP)
Your system is resistant to poisons. (rPois)
Potions are less effective at restoring your health.
Your spells are a little easier to cast, but a little less powerful.


Message History

You headbutt the wolf spider.
You riposte.
You slash the wolf spider! You freeze the wolf spider!
You kill the wolf spider!
Okawaru accepts your kill.
You miss the tarantella.
The tarantella is heavily wounded.
You feel sick. The tarantella bites you!
* * * LOW HITPOINT WARNING * * *
You block the tarantella's attack. x2; You block the torpor snail's attack.
Unknown command.
As you read the scroll of teleportation, it crumbles to dust.
You feel strangely unstable.
You feel sick. You block the tarantella's attack. x2
The tarantella bites you but does no damage. x2
The tarantella bites you!
* * * LOW HITPOINT WARNING * * *
The tarantella bites you.
* * * LOW HITPOINT WARNING * * *
The torpor snail bites you but does no damage.
The tarantella bites you!
You die...

###≈≈.# ##.. ##
###≈.≈..###...
#.####≈≈#≈......≈....
##......≈.##.....≈....
#.........#......#≈...
### #....#..........≈##..
.... #................#≈.
#....##................##
#≈......@s...............
#...s.wss^#.............
..##...........#.........
#...........^.........
#........!.............
......................[.
#.........!..s...........
≈........................
##.......................


You could see a torpor snail, an orb spider, a jumping spider and 3 tarantellas.

Vanquished Creatures
  Kirke (Lair:4)
  An orc warlord (Orc:2)
  An emperor scorpion (Spider:1)
  A ghost moth (Spider:1)
  A reaper (IceCv)
  A dire elephant (Lair:5)
  A minotaur (Lab)
  Josephine (D:12)
  Snorg (D:11)
  12 slime creatures
  Erolcha (Orc:1)
  A yaktaur captain (D:15)
  5 hydras
  A rakshasa (D:12)
  2 death knights
  2 vault guards (D:14)
  5 ogre magi
  A catoblepas (Lair:5)
  3 centaur warriors (D:15)
  20 two-headed ogres
  A tengu warrior (D:15)
  Urug (D:12)
  4 unseen horrors
  A necromancer (D:14)
  A phantasmal warrior (D:13)
  2 wizards (D:14)
  A deep elf mage (D:13)
  An obsidian statue (D:13)
  Pikel (D:5)
  2 orb spiders (Spider:1)
  2 cyclopes
  6 ugly things
  An orc sorcerer (Orc:1)
  3 manticores
  9 wolf spiders
  2 ice statues (IceCv)
  6 elephants
  3 black mambas
  2 centaur skeletons
  Maurice (D:9)
  2 gargoyles
  6 spiny frogs
  2 rime drakes
  A demonic crawler (Spider:1)
  9 komodo dragons
  4 kobold demonologists
  An efreet (D:15)
  8 ice devils (IceCv)
  A tengu conjurer (D:15)
  2 freezing wraiths
  4 yaktaurs
  5 jumping spiders
  A polar bear (Lair:1)
  3 meliai (D:15)
  Grinder (D:4)
  8 trolls
  Prince Ribbit (D:9)
  8 hippogriffs
  11 dream sheep
  14 blink frogs
  Sigmund (D:2)
  2 shadows
  15 redbacks
  A centaur simulacrum (D:14)
  A spriggan (shapeshifter) (D:15)
  5 wraiths
  8 tarantellas
  7 wyverns
  13 yaks
  A spriggan (D:10)
  4 hogs (Lair:4)
  A water elemental (D:15)
  8 basilisks
  18 humans (D:14)
  Grum (D:9)
  5 hungry ghosts
  4 vampire mosquitoes (D:12)
  Menkaure (D:5)
  A warg (Orc:2)
  The ghost of tehanu the Covered, an amateur GrFi (D:4)
  2 soldier ants
  The ghost of G3Kappa the Digger, an amateur GrEE (D:3)
  Edmund (D:4)
  2 acid dragons
  9 water moccasins
  Duvessa (D:4)
  2 hell hounds (D:10)
  7 porcupines
  8 sky beasts
  A slave (D:5)
  29 orc warriors
  4 phantoms
  3 black bears
  7 ice beasts
  3 eyes of draining
  2 necrophages
  2 wolves (D:9)
  15 centaurs
  35 ogres
  6 crocodiles
  9 big kobolds
  A wyvern zombie (D:15)
  19 bullfrogs
  9 gnoll sergeants
  2 wyvern skeletons
  3 scorpions
  Dowan (D:4)
  16 killer bees
  3 howler monkeys
  4 electric eels
  6 crimson imps
  4 centaur zombies
  2 quasits (D:13)
  6 bullfrog zombies
  6 gnoll shamans (Bailey)
  5 hounds
  11 orc priests
  5 jellies
  18 orc wizards
  5 bullfrog skeletons
  11 worker ants
  A worker ant zombie (D:10)
  21 gnolls
  14 adders
  2 shadow imps
  9 white imps
  10 ufetubi (IceCv)
  An adder skeleton (D:7)
  5 worms
  A dart slug (D:3)
  8 leopard geckos
  97 orcs
  5 ball pythons
  5 giant cockroaches
  6 goblins
  2 hobgoblins
  4 jackals
  4 quokkas
  10 bats
  9 frilled lizards
  26 kobolds
  A quokka skeleton (D:4)
  8 rats
  2 bushes (D:13)
  A butterfly (Lair:5)
  A fungus (Lair:3)
  3 plants (Lair:1)
844 creatures vanquished.

Vanquished Creatures (others)
  A jelly (D:15)
  2 white imps (IceCv)
  An ufetubus (IceCv)
  An orc (Orc:1)
  2 fungi
  16 plants
  10 toadstools (Lair:5)
33 creatures vanquished.

Grand Total: 877 creatures vanquished

Notes
Turn   | Place    | Note
-------+----------+-------------------------------------------
     0 | D:1      | Peloso the Minotaur Fighter began the quest for the Orb.
     0 | D:1      | Reached XP level 1. HP: 19/19 MP: 0/0
   215 | D:1      | Reached XP level 2. HP: 27/27 MP: 1/1
   656 | D:2      | Noticed Sigmund
   666 | D:2      | Killed Sigmund
   666 | D:2      | Reached skill level 5 in Armour
   666 | D:2      | Reached skill level 1 in Dodging
   666 | D:2      | Reached skill level 4 in Shields
   666 | D:2      | Reached XP level 3. HP: 26/34 MP: 2/2
   666 | D:2      | Reached XP level 4. HP: 31/41 MP: 3/3
   666 | D:2      | Reached XP level 5. HP: 35/47 MP: 4/4
   801 | D:2      | Found a radiant altar of Vehumet.
  1148 | D:3      | Noticed G3Kappa's ghost (amateur GrEE)
  1162 | D:3      | Killed G3Kappa's ghost
  1162 | D:3      | Reached skill level 5 in Shields
  1162 | D:3      | Reached XP level 6. HP: 51/55 MP: 5/5
  1655 | D:4      | Noticed tehanu's ghost (amateur GrFi)
  1656 | D:4      | Noticed Grinder
  1670 | D:4      | Paralysed by Grinder for 3 turns
  1673 | D:4      | Killed Grinder
  1673 | D:4      | Reached skill level 5 in Fighting
  1673 | D:4      | Reached skill level 5 in Long Blades
  1673 | D:4      | Reached XP level 7. HP: 46/61 MP: 6/6
  1788 | D:4      | Killed tehanu's ghost
  2005 | D:4      | Reached skill level 6 in Shields
  2439 | D:4      | Noticed Edmund
  2457 | D:4      | Killed Edmund
  2496 | D:4      | Noticed Dowan
  2497 | D:4      | Noticed Duvessa
  2513 | D:4      | Killed Dowan
  2534 | D:4      | Gained mutation: You are partially covered in rugged brown scales. (AC +1, +3% HP) [potion of mutation]
  2534 | D:4      | Gained mutation: You have a pair of large horns on your head. [potion of mutation]
  2534 | D:4      | HP: 1/62 [poisoned by Duvessa]
  2543 | D:4      | Killed Duvessa
  2543 | D:4      | Reached XP level 8. HP: 9/71 MP: 7/7
  2547 | D:4      | HP: 5/106 [poisoned by Duvessa]
  2552 | D:4      | HP: 3/106 [poisoned by Duvessa]
  2558 | D:4      | HP: 1/106 [poisoned by Duvessa]
  2564 | D:4      | HP: 1/106 [poisoned by Duvessa]
  2572 | D:4      | HP: 1/106 [poisoned by Duvessa]
  3011 | D:4      | Lost mutation: You have a pair of large horns on your head. [potion of mutation]
  3011 | D:4      | Lost mutation: You are partially covered in rugged brown scales. (AC +1, +3% HP) [potion of mutation]
  3011 | D:4      | Gained mutation: Your spells are a little easier to cast, but a little less powerful. [potion of mutation]
  3011 | D:4      | Gained mutation: You have sharp fingernails. [potion of mutation]
  3011 | D:4      | Lost mutation: You have sharp fingernails. [potion of mutation]
  3011 | D:4      | Gained mutation: Your system is resistant to poisons. (rPois) [potion of mutation]
  3043 | D:4      | Found a sparkling altar of Nemelex Xobeh.
  3044 | D:4      | Found a burning altar of Makhleb.
  3191 | D:5      | Entered Level 5 of the Dungeon
  3295 | D:5      | Found a shattered altar of Ashenzari.
  3629 | D:5      | Found an ornate altar of the Wu Jian Council.
  4083 | D:5      | Found a glowing golden altar of the Shining One.
  4212 | D:5      | Noticed Pikel
  4258 | D:5      | Killed Pikel
  4258 | D:5      | Reached skill level 7 in Shields
  4317 | D:5      | Found a sacrificial altar of Ru.
  4375 | D:5      | Reached XP level 9. HP: 73/75 MP: 8/8
  4384 | D:5      | Noticed Menkaure
  4395 | D:5      | Killed Menkaure
  5121 | D:6      | Found a shimmering altar of Xom.
  5180 | D:6      | Found a glowing golden altar of the Shining One.
  5181 | D:6      | Found a glowing silver altar of Zin.
  5182 | D:6      | Found a white marble altar of Elyvilon.
  5267 | D:6      | Found a deep blue altar of Sif Muna.
  5391 | D:6      | Reached skill level 10 in Long Blades
  5413 | D:6      | Found a snail-covered altar of Cheibriados.
  5499 | D:6      | Reached skill level 8 in Shields
  5819 | D:7      | Found a shadowy altar of Dithmenos.
  6808 | D:7      | Reached skill level 9 in Shields
  7000 | D:7      | Found a staircase to the Ecumenical Temple.
  7010 | Temple   | Entered the Ecumenical Temple
  7054 | Temple   | Became a worshipper of Warmaster Okawaru
  7220 | D:8      | Noticed a two-headed ogre
  7230 | D:8      | Killed a two-headed ogre
  7230 | D:8      | Reached XP level 10. HP: 42/84 MP: 5/9
  7459 | D:8      | Reached * piety under Okawaru
  7541 | D:8      | Found a flagged portal.
  7584 | Bailey   | Entered a bailey
  7845 | Bailey   | Reached skill level 10 in Shields
  8326 | Bailey   | Reached skill level 10 in Armour
  8574 | Bailey   | Reached ** piety under Okawaru
  8899 | Bailey   | Found the +7 longbow "Piercer" {penet, EV-2}
  9710 | D:8      | Noticed a two-headed ogre
  9720 | D:8      | Killed a two-headed ogre
 10066 | D:9      | Found Nebant's Book Shoppe.
 10084 | D:9      | Reached *** piety under Okawaru
 10202 | D:9      | Noticed Grum
 10222 | D:9      | Killed Grum
 10225 | D:9      | Reached XP level 11. HP: 81/92 MP: 10/10
 10282 | D:9      | Noticed Maurice
 10303 | D:9      | Killed Maurice
 10303 | D:9      | Reached skill level 11 in Shields
 10509 | D:9      | Noticed a two-headed ogre
 10528 | D:9      | Killed a two-headed ogre
 10637 | D:9      | Noticed Prince Ribbit
 10648 | D:9      | Noticed a two-headed ogre
 10663 | D:9      | Killed a two-headed ogre
 10663 | D:9      | Reached **** piety under Okawaru
 10681 | D:9      | Killed Prince Ribbit
 11208 | D:9      | Reached skill level 1 in Stealth
 11358 | D:10     | Entered Level 10 of the Dungeon
 11667 | D:10     | Found a staircase to the Orcish Mines.
 11736 | D:10     | Reached ***** piety under Okawaru
 12130 | D:10     | Noticed a two-headed ogre
 12134 | D:10     | Reached skill level 12 in Shields
 12148 | D:10     | Killed a two-headed ogre
 12383 | D:10     | Found a staircase to the Lair.
 12678 | Lair:1   | Entered Level 1 of the Lair of Beasts
 12811 | Lair:1   | Reached XP level 12. HP: 81/103 MP: 9/11
 13016 | Lair:1   | Received a gift from Okawaru
 13017 | Lair:1   | Found the +10 zealot's sword {holy, *Rage rN+ EV+3}
 13142 | Lair:1   | Reached skill level 1 in Invocations
 13567 | Lair:2   | Found a hole to the Spider Nest.
 13644 | Lair:2   | Received a gift from Okawaru
 13769 | Lair:2   | Found a glowing golden altar of the Shining One.
 14264 | Lair:3   | Found a labyrinth entrance.
 14276 | Lab      | Entered a labyrinth
 14480 | Lab      | Noticed a minotaur
 14486 | Lab      | Killed a minotaur
 14486 | Lab      | Reached skill level 13 in Shields
 14490 | Lab      | Found the +15 Maxwell's patent armour {-Cast -Tele rElec MR+ rCorr}
 14490 | Lab      | Got a flickering marble ring
 14490 | Lab      | Got a twitching ivory amulet
 14491 | Lab      | Got a faintly humming chain mail
 14491 | Lab      | Got an ichor-stained plate armour
 14497 | Lab      | Identified the ring "Wilicy" {*Slow rF++ rC+ SInv Stlth+} (You found it in a labyrinth)
 14499 | Lab      | Identified the amulet "Ucaewn" {Gourm rPois Slay+3 SInv} (You found it in a labyrinth)
 14510 | Lab      | Identified the +10 plate armour "Obbialoe" {SInv} (You found it in a labyrinth)
 14583 | Lair:3   | Reached skill level 10 in Fighting
 14919 | Lair:3   | Found a staircase to the Swamp.
 14995 | Lair:3   | Identified the +6 chain mail of the Vacuum {MR+} (You found it in a labyrinth)
 15609 | D:11     | Found a flickering gateway to a bazaar.
 15614 | Bazaar   | Entered a bazaar
 15620 | Bazaar   | Found Gaiphar's Book Shop.
 15620 | Bazaar   | Found Osuok's Jewellery Boutique.
 15654 | Bazaar   | Bought an uncursed amulet of faith for 520 gold pieces
 15861 | D:11     | Noticed Snorg
 15867 | D:11     | Killed Snorg
 15875 | D:11     | Got a pair of twisted gloves
 15886 | D:11     | Identified the +0 pair of gloves of Impermeability {rCorr} (You found it on level 11 of the Dungeon)
 15970 | D:11     | Noticed a two-headed ogre
 15977 | D:11     | Killed a two-headed ogre
 15977 | D:11     | Reached XP level 13. HP: 113/114 MP: 13/13
 16007 | D:11     | Reached ****** piety under Okawaru
 16318 | D:12     | Received a gift from Okawaru
 16341 | D:12     | Got a pitted crystal plate armour {god gift}
 16357 | D:12     | Identified the +0 crystal plate armour of Intercession {rCorr Str+6} (Okawaru gifted it to you on level 12 of the Dungeon)
 16491 | D:12     | Noticed Urug
 16502 | D:12     | Killed Urug
 16502 | D:12     | Reached skill level 14 in Shields
 16606 | D:12     | Reached skill level 15 in Long Blades
 16983 | D:12     | Found the ring of Robustness {AC+8}
 17011 | D:12     | Got a crystal war axe
 17014 | D:12     | Got a steaming lapis lazuli ring
 17408 | D:12     | Noticed Josephine
 17417 | D:12     | Killed Josephine
 17481 | D:12     | Got a shimmering lapis lazuli ring
 17975 | Lair:1   | Identified the ring of Ima Ifiu {MR+ Int+3 Dex+4 Stlth-} (You found it on level 12 of the Dungeon)
 17977 | Lair:1   | Identified the cursed ring "Nafaosch" {Int+3 Slay-3} (You found it on level 12 of the Dungeon)
 18223 | Lair:4   | Received a gift from Okawaru
 18523 | Lair:4   | Reached skill level 1 in Maces & Flails
 18560 | Lair:4   | Noticed Kirke
 18586 | Lair:4   | Killed Kirke
 18586 | Lair:4   | Reached XP level 14. HP: 127/127 MP: 14/14
 19305 | Lair:5   | Reached skill level 15 in Shields
 19318 | Lair:5   | Received a gift from Okawaru
 19394 | Lair:5   | Identified the +4 war axe of Judeck {vamp, rC+ Str+3 Int-5 Dex+4} (You found it on level 12 of the Dungeon)
 19710 | Lair:5   | Found a runed door.
 21193 | D:13     | Found a corrupted altar of Lugonu.
 21573 | D:13     | Found a flickering gateway to a bazaar.
 21589 | Bazaar   | Entered a bazaar
 21589 | Bazaar   | Found Kat Raudd's Antique Armour Boutique.
 21594 | Bazaar   | Found Meiddumpuf's Magic Scroll Shoppe.
 21603 | Bazaar   | Bought a scroll of magic mapping for 28 gold pieces
 21619 | Bazaar   | Found Zuff's Weapon Emporium.
 21625 | Bazaar   | Found Udukhit's Assorted Antiques.
 21663 | Bazaar   | Bought the +9 scimitar "Wesseido" {freeze, rPois rN+ Int-4 Dex+4} for 473 gold pieces
 21829 | D:13     | Gained mutation: Potions are less effective at restoring your health. [a neqoxec]
 21860 | D:13     | Gained mutation: You are frail. (-10% HP) [a neqoxec]
 22025 | D:14     | Found a frozen archway.
 22034 | IceCv    | Entered an ice cave
 22071 | IceCv    | Received a gift from Okawaru
 22108 | IceCv    | Got a translucent double sword {god gift}
 22109 | IceCv    | Identified the +3 double sword of the Undead {venom, rPois Int+2 Dex-2} (Okawaru gifted it to you in an ice cave)
 22411 | IceCv    | Noticed a reaper
 22420 | IceCv    | Killed a reaper
 22435 | IceCv    | Got a scorched demon blade
 22436 | IceCv    | Identified the +8 demon blade "Tyomeb" {pain, +Inv rElec rC- Str+3} (You found it in an ice cave)
 22447 | IceCv    | Got brightly glowing ice dragon scales
 22458 | IceCv    | Identified the +4 ice dragon scales of Syereag {rElec rF- rC++ Regen+} (You found it in an ice cave)
 22676 | D:14     | Received a gift from Okawaru
 22692 | D:14     | Reached skill level 16 in Shields
 23192 | D:14     | Reached XP level 15. HP: 124/124 MP: 15/15
 23204 | D:14     | Found a gate to the Vaults.
 23329 | D:14     | Found a burning altar of Makhleb.
 23372 | D:15     | Entered Level 15 of the Dungeon
 23505 | D:15     | Found a basalt altar of Yredelemnul.
 23569 | D:15     | Found a staircase to the Depths.
 23877 | D:15     | Reached skill level 15 in Armour
 23972 | D:15     | Received a gift from Okawaru
 25023 | Orc:1    | Entered Level 1 of the Orcish Mines
 25034 | Orc:1    | Noticed Erolcha
 25044 | Orc:1    | Killed Erolcha
 25050 | Orc:1    | Reached skill level 17 in Shields
 25144 | Orc:2    | Entered Level 2 of the Orcish Mines
 25144 | Orc:2    | Found a staircase to the Elven Halls.
 25250 | Orc:2    | Received a gift from Okawaru
 25250 | Orc:2    | Reached skill level 15 in Fighting
 25730 | Orc:2    | Found Ykkenuum's Antique Weapon Shoppe.
 25730 | Orc:2    | Found Vopaihynk's Food Shop.
 25730 | Orc:2    | Found Fianui Vyler's Jewellery Boutique.
 25730 | Orc:2    | Found Essuwkor's Weapon Shoppe.
 25853 | Orc:1    | Noticed an orc warlord
 26057 | Orc:2    | Killed an orc warlord
 26722 | Spider:1 | Entered Level 1 of the Spider Nest
 26722 | Spider:1 | Noticed a ghost moth
 26743 | Spider:1 | Killed a ghost moth
 26743 | Spider:1 | Received a gift from Okawaru
 27106 | Spider:1 | Reached XP level 16. HP: 130/134 MP: 16/16
 27123 | Spider:1 | Got an ancient rapier {god gift}
 27124 | Spider:1 | Identified the +3 rapier "Doyxur" {pierce, Fragile rElec rN+} (Okawaru gifted it to you on level 1 of the Spider Nest)
 27383 | Spider:1 | Reached skill level 18 in Shields
 27387 | Spider:1 | HP: 3/134 [tarantella (6)]
 27387 | Spider:1 | Mangled by a tarantella

Skill      XL: |  1  2  3  4  5  6  7  8  9 10 11 12 13 14 15 16 |
---------------+-------------------------------------------------+-----
Armour         | 5 6 7 9 10 11 13 14 15 | 15.6
Fighting       | 4 5 6 7 8 10 12 14 15 | 15.4
Long Blades    | 3 4 5 7 8 10 12 13 14 15 16 17 | 17.5
Dodging        | 1 2 3 4 |  4.9
Shields        | 4 5 6 7 9 10 12 13 14 16 17 18 | 18.0
Stealth        | 1 2 |  2.1
Invocations    | 1 |  1.3
Maces & Flails | 1 2 |  2.6
Evocations     | |  0.6

Action                   |  1- 3 |  4- 6 |  7- 9 | 10-12 | 13-15 | 16-18 || total
-------------------------+-------+-------+-------+-------+-------+-------++-------
Melee: Long sword        |    42 |    83 |   447 |   934 |       |       ||  1506
       Headbutt          |     8 |    15 |   102 |   236 |   387 |    18 ||   766
       Eudemon blade     |       |       |       |   181 |   760 |       ||   941
       Whip              |       |       |       |       |    36 |       ||    36
       Demon blade       |       |       |       |       |   469 |     9 ||   478
       Scimitar          |       |       |       |       |    18 |    46 ||    64
Invok: Heroism           |       |       |       |     6 |       |       ||     6
Evoke: Wand              |       |       |       |     3 |     3 |       ||     6
  Use: Potion            |     1 |       |     6 |       |     2 |       ||     9
       Scroll            |       |       |     4 |    10 |    18 |     1 ||    33
 Stab: Distracted        |       |       |       |       |     1 |       ||     1
  Eat: Chunk             |       |     2 |    11 |    29 |    34 |     1 ||    77
       Ration            |       |       |     3 |     3 |       |       ||     6
Armor: Scale mail        |    26 |    37 |     8 |       |       |       ||    71
       Plate armour      |       |       |   211 |   412 |   752 |    64 ||  1439
       Skin              |       |       |     1 |       |       |       ||     1
       Pearl dragon scal |       |       |       |     1 |       |       ||     1
       Ice dragon scales |       |       |       |       |    13 |       ||    13
Dodge: Dodged            |    16 |    22 |    83 |   239 |   561 |    42 ||   963
Block: Shield            |    23 |    49 |   238 |   635 |  1034 |    90 ||  2069
       Rpst.: Long sword |     3 |     6 |    21 |    43 |       |       ||    73
       Eudemon blade     |       |       |       |    14 |    58 |       ||    72
       Demon blade       |       |       |       |       |    61 |     1 ||    62
       Scimitar          |       |       |       |       |     2 |     5 ||     7
